 Dungeon Crawl Stone Soup version 0.22-a0-815-gb582571 (console) character file.

3612 Jenz the Thaumaturge (level 9, -2/64 HPs)
             Began as a Spriggan Earth Elementalist on July 23, 2018.
             Slain by a jumping spider (9 damage)
             ... summoned by a deep elf mage
             ... in a bailey.
             The game lasted 01:14:35 (8518 turns).

Jenz the Thaumaturge (Spriggan Earth Elementalist)  Turns: 8518, Time: 01:14:35

Health: -2/64      AC: 24    Str:  4    XL:     9   Next: 86%
Magic:  2/24       EV:  4    Int: 19    God:
Gold:   277        SH:  0    Dex: 17    Spells: 10/25 levels left

rFire    + . .     SeeInvis +   i - +2 short sword (elec)
rCold    . . .     Gourm    .   (shield restricted)
rNeg     + + +     Faith    .   (armour currently unavailable)
rPois    +         Spirit   .   (helmet currently unavailable)
rElec    .         Reflect  .   (cloak currently unavailable)
rCorr    +         Harm     .   (gloves unavailable)
MR       +....     NoTele   +   (boots unavailable)
Stlth    ++++......             (no amulet)
HPRegen  0.20/turn              s - ring of resist corrosion
MPRegen  0.19/turn              c - ring of protection from fire

@: lethally poisoned (-2 -> -7), tree-form
A: very small, unfitting armour, see invisible, herbivore, high mp 1, slow
metabolism 2
a: no special abilities


You were in a bailey.
You were hungry.
You were a tree.
You visited 1 branch of the dungeon, and saw 7 of its levels.
You also visited: Bailey.

You collected 384 gold pieces.
You spent 107 gold pieces at shops.

Inventory:

Hand Weapons
 i - a +2 short sword of electrocution (weapon)
 y - a +2 vampiric short sword
Missiles
 b - 12 stones (quivered)
Armour
 l - a +2 robe of cold resistance (melded)
Jewellery
 a - an uncursed ring of see invisible
 c - a ring of protection from fire (right branch)
 s - a ring of resist corrosion (left branch)
Wands
 r - a wand of flame (21)
 t - a wand of digging (7)
 x - a wand of polymorph (1)
Scrolls
 f - a scroll of fear
 g - 2 scrolls of remove curse
 h - 7 scrolls of enchant armour
 k - 2 scrolls of fog
 m - a scroll of amnesia
Potions
 e - a potion of agility
 o - a potion of ambrosia {unknown}
 p - 2 potions of might
 z - a potion of mutation
 A - a potion of lignification
 C - a potion of flight {unknown}
Comestibles
 d - 6 rations


   Skills:
 + Level 2.9 Fighting
 + Level 4.1 Short Blades
 + Level 3.7 Throwing
 + Level 2.5 Armour
 + Level 6.8 Dodging
 + Level 7.2 Stealth
 + Level 2.8 Unarmed Combat
 + Level 8.6 Spellcasting
 + Level 3.7 Conjurations
 + Level 4.9 Transmutations
 + Level 7.3 Earth Magic
 + Level 4.6 Evocations


You had 10 spell levels left.
You knew the following spells:

 Your Spells              Type           Power        Failure   Level  Hunger
a - Sandblast             Erth           #####.       1%          1    None
b - Passwall              Tmut/Erth      ####....     1%          2    None
c - Stone Arrow           Conj/Erth      ####..       2%          3    None
d - Petrify               Tmut/Erth      ####....     7%          4    ###....
e - Lee's Rapid Deconstr  Erth           #####.....   12%         5    #####..

Your spell library contained the following spells:

 Spells                   Type           Power        Failure   Level  Hunger


Dungeon Overview and Level Annotations

Branches:
Dungeon (7/15)
 Temple: D:4-7

Altars:
Dithmenos
Gozag
Nemelex Xobeh
Okawaru
Qazlal
Ru

Shops:
D:4 [   D:5 [

Annotations:
Bailey exclusion: chaos spawn


Innate Abilities, Weirdness & Mutations

You are very small and have problems with some larger weapons.
You are too small for most types of armour.
You have supernaturally acute eyesight. (SInv)
You are a herbivore.
((You cover ground extremely quickly.))
You need to consume almost no food.
You have an increased reservoir of magic. (+10% MP)
((You are covered in fur. (AC +1)))


Message History

The hellwing barely misses you.
The deep elf mage hits you but does no damage.
As you read the scroll labeled MAB SADGHA VUD, it crumbles to dust.
You hear a loud clanging noise!
It was a scroll of noise.
* * * LOW HITPOINT WARNING * * *
You feel sick.
You hear a shout! x3
The ice beast misses you.
The deep elf mage casts a spell.
The hellwing completely misses you. The hellwing hits you.
* * * LOW HITPOINT WARNING * * *
The deep elf mage gestures wildly while chanting.
You turn into a tree.
Your +2 robe of cold resistance melds into your body.
You feel less resistant to cold.
Your roots penetrate the ground.
The hellwing disappears in a puff of smoke!
The ice beast hits you but does no damage.
The jumping spider pounces on you!
You die...

#####
######...##
##..##..Y♣s#
#....#..§se#
#....##...##
##.)##3####
###..e##
#eE.§§#
#..∩..#
#...e.#
##...E#
#####'# #§r


You could see a demonic crawler, 3 deep elf magi, a sixfirhy, a fire elemental,
a jumping spider and an ice beast.

Vanquished Creatures
  A deep elf mage (Bailey)
  Sigmund (D:5)
  Edmund (D:6)
  An orc warrior (D:6)
  2 ice beasts
  3 ogres (D:5)
  A black bear (D:6)
  3 centaurs
  2 phantoms
  Blork the orc (D:5)
  A bullfrog (D:6)
  A scorpion (D:4)
  3 killer bees (D:3)
  A crimson imp (D:5)
  A bullfrog zombie (D:5)
  2 hounds
  3 orc priests
  Jessica (D:2)
  A centaur skeleton (D:5)
  2 iguanas (D:5)
  4 orc wizards (D:6)
  4 worker ants
  A howler monkey zombie (D:5)
  2 worker ant zombies
  A gnoll (D:1)
  10 adders
  A howler monkey skeleton (D:4)
  An ooze (D:4)
  An adder skeleton (D:4)
  4 worms
  2 dart slugs
  4 leopard geckos
  25 orcs
  5 giant cockroaches
  10 goblins
  7 hobgoblins
  7 jackals
  3 quokkas
  2 ball pythons
  5 bats
  5 frilled lizards
  14 kobolds
  A leopard gecko zombie (D:6)
  A quokka skeleton (D:4)
  8 rats
160 creatures vanquished.

Notes
Turn   | Place    | Note
-------+----------+-------------------------------------------
     0 | D:1      | Jenz the Spriggan Earth Elementalist began the quest for the Orb.
     0 | D:1      | Reached XP level 1. HP: 9/9 MP: 5/5
   240 | D:1      | Reached XP level 2. HP: 13/13 MP: 2/6
   284 | D:1      | Reached skill level 3 in Spellcasting
   756 | D:1      | Reached XP level 3. HP: 16/16 MP: 3/9
  1078 | D:2      | Learned a level 2 spell: Passwall
  1082 | D:2      | Learned a level 3 spell: Stone Arrow
  1334 | D:2      | Reached skill level 4 in Spellcasting
  1357 | D:2      | Reached XP level 4. HP: 21/21 MP: 0/11
  1965 | D:2      | Noticed Jessica
  1971 | D:2      | Killed Jessica
  2008 | D:3      | Reached skill level 5 in Spellcasting
  2292 | D:3      | Reached XP level 5. HP: 24/24 MP: 5/13
  2589 | D:3      | Reached XP level 6. HP: 8/28 MP: 2/15
  2919 | D:3      | Noticed an ice beast
  3011 | D:2      | Reached skill level 6 in Spellcasting
  3217 | D:3      | Killed an ice beast
  3217 | D:3      | Reached skill level 5 in Earth Magic
  3500 | D:3      | Reached XP level 7. HP: 30/32 MP: 17/17
  4065 | D:4      | Reached skill level 7 in Spellcasting
  4210 | D:4      | Found Momyamm's Armour Boutique.
  4222 | D:4      | Reached skill level 1 in Short Blades
  4363 | D:4      | Found a stormy altar of Qazlal.
  5123 | D:5      | Entered Level 5 of the Dungeon
  5204 | D:5      | Reached XP level 8. HP: 36/36 MP: 19/19
  5205 | D:5      | Reached skill level 8 in Spellcasting
  5486 | D:5      | Noticed Sigmund
  5495 | D:5      | Killed Sigmund
  5574 | D:5      | Reached XP level 9. HP: 43/43 MP: 16/22
  5709 | D:5      | Noticed Blork the orc
  5717 | D:5      | Killed Blork the orc
  5922 | D:5      | Found Locvad's Antique Armour Shop.
  6027 | D:5      | Bought a glowing robe for 107 gold pieces
  6252 | D:5      | Found a shadowy altar of Dithmenos.
  6253 | D:5      | Found an iron altar of Okawaru.
  6253 | D:5      | Found a sacrificial altar of Ru.
  6254 | D:5      | Found an opulent altar of Gozag.
  6377 | D:5      | Learned a level 4 spell: Petrify
  6383 | D:5      | Learned a level 5 spell: Lee's Rapid Deconstruction
  6417 | D:6      | Noticed Edmund
  7020 | D:6      | Killed Edmund
  8229 | D:7      | Found a sparkling altar of Nemelex Xobeh.
  8347 | D:7      | Found a flagged portal.
  8360 | Bailey   | Entered a bailey
  8401 | Bailey   | Noticed a deep elf mage
  8413 | Bailey   | Killed a deep elf mage
  8476 | Bailey   | Noticed a deep elf mage
  8477 | Bailey   | Noticed a deep elf mage
  8477 | Bailey   | Noticed a deep elf mage
  8481 | Bailey   | Noticed a jumping spider
  8482 | Bailey   | Noticed a deep elf mage
  8498 | Bailey   | Noticed a hellwing
  8500 | Bailey   | Gained mutation: You have an increased reservoir of magic. (+10% MP) [potion of mutation]
  8500 | Bailey   | Gained mutation: You are covered in fur. (AC +1) [potion of mutation]
  8510 | Bailey   | Noticed a deep elf mage
  8512 | Bailey   | Noticed a sixfirhy
  8518 | Bailey   | Noticed a demonic crawler
  8518 | Bailey   | Noticed a jumping spider
  8518 | Bailey   | Slain by a jumping spider

Vault maps used:
D:1:      dpeg_arrival_windows_large_door
D:2:      cheibrodos_old_hovel, uniq_jessica
D:4:      overflow_temple_1_default, serial_shops, shop,
          corexii_leaking_fountain
D:5:      chequers_temple_overflow_statue_of_worship, serial_shops, shop,
          first_ration, uniq_blork_the_orc, uniq_sigmund
D:6:      uniq_edmund
D:7:      minmay_temple_entry_butterflies, serial_shops,
          nicolae_shop_overgrown_old_shop, lightli_bailey_entry_fortress,
          nemelex_xobeh_ov_fountains_minmay
Bailey:   bailey_polearm_3, bailey

Skill      XL: |  1  2  3  4  5  6  7  8  9 |
---------------+----------------------------+-----
Earth Magic    | 3 4 5 7 |  7.3
Spellcasting   | 3 4 5 6 7 8 |  8.6
Dodging        | 4 6 |  6.8
Stealth        | 4 6 7 |  7.2
Short Blades   | 1 3 4 |  4.1
Fighting       | 2 |  2.9
Throwing       | 3 |  3.7
Armour         | 2 |  2.5
Unarmed Combat | 2 |  2.8
Conjurations   | 3 |  3.7
Transmutations | 4 |  4.9
Evocations     | 4 |  4.6

Action                   |  1- 3 |  4- 6 |  7- 9 || total
-------------------------+-------+-------+-------++-------
Melee: Unarmed           |     3 |       |       ||     3
       Short sword       |     1 |    33 |    68 ||   102
 Cast: Sandblast         |    50 |    72 |    69 ||   191
       Stone Arrow       |     3 |    15 |    53 ||    71
       Lee's Rapid Decon |       |       |     8 ||     8
       Petrify           |       |       |     4 ||     4
Evoke: Wand              |       |       |     4 ||     4
  Use: Scroll            |     3 |     4 |    12 ||    19
       Potion            |       |       |     9 ||     9
 Stab: Sleeping          |       |     1 |     3 ||     4
       Distracted        |       |       |     1 ||     1
       Petrified         |       |       |     1 ||     1
  Eat: Ration            |       |     1 |     3 ||     4
Armor: Robe              |     1 |    12 |     9 ||    22
       Skin              |       |       |     1 ||     1
Dodge: Dodged            |    13 |    93 |   128 ||   234

Table legend:
 A = Spawn XP
 B = Non-spawn XP
 C = Spawn XP percentage of total XP
 D = Spawn monster count
 E = Non-spawn monster count
 F = Spawn count percentage of total count
 G = Total turns spent on level
                    A         B        C        D         E        F      G
               +---------+---------+-------+---------+---------+-------+---------
         Total |       0 |    4074 |   0.0 |       0 |     160 |   0.0 |  8518
               +---------+---------+-------+---------+---------+-------+---------
           D:1 |       0 |      57 |   0.0 |       0 |      26 |   0.0 |  1153
           D:2 |       0 |     258 |   0.0 |       0 |      36 |   0.0 |  1235
           D:3 |       0 |     419 |   0.0 |       0 |      26 |   0.0 |  1184
           D:4 |       0 |     323 |   0.0 |       0 |      19 |   0.0 |  1551
           D:5 |       0 |    1202 |   0.0 |       0 |      20 |   0.0 |  1305
           D:6 |       0 |    1201 |   0.0 |       0 |      31 |   0.0 |  1814
           D:7 |       0 |       3 |   0.0 |       0 |       1 |   0.0 |   118
        Bailey |       0 |     611 |   0.0 |       0 |       1 |   0.0 |   158
               +---------+---------+-------+---------+---------+-------+---------
